Map: Site Delta LE

Players

Moja - Winner!

  • Race: Terran Terran
  • League: Grandmaster
  • Spawn Location: 11:00

ProtossFan (uThermal)

  • Race: Zerg Zerg
  • League: Grandmaster
  • Spawn Location: 5:00

Event: HomeStory Cup XXV

VOD

Have the link to the VOD?

Description

Time

  • Played on: June 21, 2024, 3:14 p.m.
  • Length: 8:26

All games in this series

Show
View Real Time Build Order
Export as new Build Order

Moja Terran - Winner!

Build Orders:  

Get SALT Encoding   

  12  0:00  SCV  
  13  0:12  SCV  
  14  0:17  Supply Depot  
  14  0:24  SCV  
  15  0:39  SCV  
  15  0:40  Barracks  
  16  0:51  SCV  
  16  0:52  Refinery  
  17  1:03  SCV  
  18  1:15  SCV  
  19  1:27  Orbital Command, Marine  
  20  1:37  Command Center  
  20  1:44  Marine  
  21  1:48  Supply Depot  
  21  1:52  SCV  
  22  2:01  Factory  
  22  2:05  SCV  
  23  2:11  Barracks Reactor  
  23  2:17  SCV  
  24  2:29  SCV  
  25  2:35  Command Center  
  25  2:41  SCV  
  26  2:53  SCV  
  26  2:56  Barracks  
  27  2:59  Barracks Tech Lab  
  27  3:00  Orbital Command  
  27  3:05  SCV  
  28  3:08  Hellion  
  28  3:12  Hellion  
  32  3:17  SCV  
  32  3:18  Stimpack  
  32  3:19  Marine  
  34  3:26  SCV  
  35  3:29  SCV  
  35  3:32  Barracks  
  36  3:38  SCV  
  36  3:41  SCV, Marine, Factory Reactor  
  38  3:47  Orbital Command, Refinery  
  39  3:51  SCV  
  39  3:52  Marine x2  
  39  3:54  SCV  
  43  4:03  SCV  
  43  4:06  SCV  
  43  4:08  Engineering Bay x2  
  45  4:15  SCV, Marine, Refinery  
  45  4:16  Marine x2, Refinery  
  49  4:19  SCV  
  49  4:20  SCV  
  51  4:26  Supply Depot  
  51  4:29  SCV  
  51  4:31  SCV, Marine x2  
  53  4:33  SCV  
  53  4:35  Terran Infantry Weapons Level 1  
  53  4:37  Terran Infantry Armor Level 1  
  56  4:41  SCV, Marine  
  56  4:43  SCV  
  56  4:45  Marine  
  59  4:47  Marine  
  59  4:49  Marine, Bunker  
  59  4:51  Cyclone  
  60  4:55  Supply Depot  
  60  4:59  Marine  
  60  5:00  Marine  
  60  5:06  Marine  
  63  5:07  Marine  
  63  5:11  Marine  
  64  5:17  Marine  
  64  5:18  SCV  
  64  5:19  Marine  
  54  5:23  SCV, Marine  
  54  5:25  SCV, Marine  
  49  5:32  SCV  
  49  5:33  Marine  
  46  5:35  SCV  
  46  5:36  Combat Shield, Factory Reactor  
  46  5:38  SCV  
  46  5:39  Starport  
  48  5:44  SCV  
  48  5:48  SCV, Marine x4  
  54  5:52  Marine  
  54  5:54  SCV  
  54  5:56  SCV  
  57  6:00  SCV  
  58  6:06  SCV  
  58  6:08  Supply Depot, SCV, Marine x4  
  64  6:12  SCV  
  64  6:18  SCV  
  66  6:20  Marine  
  66  6:21  SCV  
  66  6:22  Factory Tech Lab  
  66  6:24  SCV  
  68  6:25  Marine  
  68  6:30  SCV, Marine x2  
  68  6:32  Supply Depot  
  72  6:33  SCV  
  72  6:34  Barracks x2  
  72  6:36  Marine  
  72  6:39  Armory  
  69  6:48  SCV x2  
  72  6:54  SCV  
  72  6:59  Marine x4  
  72  7:00  SCV, Siege Tank  
  80  7:04  SCV  
  80  7:12  SCV  
  80  7:14  Supply Depot x2  
  81  7:16  SCV  
  81  7:17  Medivac  
  81  7:19  SCV  
  81  7:22  Barracks Reactor x2  
  85  7:23  Supply Depot  
  85  7:27  Orbital Command  
  85  7:35  Supply Depot, SCV, Marine x2, Medivac  
  90  7:39  Siege Tank  
  90  7:40  SCV  
  94  7:47  SCV  
  94  7:49  Medivac  
  97  7:53  SCV x2  
  97  7:55  Marine x4  
  103  7:58  Barracks  
  103  7:59  SCV, Barracks  
  103  8:00  Marine x2  
  103  8:01  Barracks  
  108  8:08  Supply Depot x2  
  108  8:10  SCV x2  
Show
View Real Time Build Order
Export as new Build Order

ProtossFan Zerg 

Build Orders: Hatch First 

Get SALT Encoding   

  12  0:00  Drone  
  13  0:07  Drone  
  13  0:14  Drone, Extractor  
  15  0:35  Hatchery  
  14  0:40  Drone, Extractor  
  15  0:47  Overlord  
  15  1:01  Spawning Pool  
  14  1:05  Drone  
  14  1:09  Drone  
  16  1:12  Drone  
  17  1:18  Extractor  
  17  1:19  Drone  
  17  1:28  Drone  
  18  1:39  Drone  
  19  1:48  Queen, Zergling x2  
  19  1:49  Queen  
  19  1:53  Drone  
  25  1:59  Overlord  
  25  2:02  Drone  
  26  2:09  Overlord  
  26  2:24  Queen  
  26  2:27  Queen  
  30  2:38  Metabolic Boost  
  30  2:39  Drone x2  
  30  2:42  Drone  
  33  2:45  Drone  
  34  2:53  Drone x3  
  34  2:57  Overlord  
  37  3:06  Queen  
  37  3:12  Lair  
  39  3:17  Drone  
  39  3:18  Drone  
  39  3:19  Drone  
  42  3:32  Hatchery  
  40  3:42  Pneumatized Carapace  
  40  3:44  Zergling x8  
  44  3:48  Overlord  
  44  3:54  Zergling x6  
  44  3:55  Zergling x2  
  48  3:57  Zergling x2  
  48  4:02  Overlord  
  49  4:05  Zergling x4  
  51  4:11  Zergling x6  
  51  4:15  Zergling x2  
  55  4:22  Zergling x6  
  58  4:24  Overlord  
  58  4:35  Zergling x2  
  58  4:36  Zergling x10  
  64  4:41  Overlord  
  64  4:44  Zergling x2  
  64  4:46  Zergling x2  
  64  4:49  Zergling x2  
  64  4:52  Queen  
  66  4:57  Queen  
  69  5:03  Queen  
  69  5:19  Zergling x10  
  69  5:20  Zergling x2  
  60  5:24  Zergling x2  
  60  5:25  Zergling x2  
  54  5:30  Zergling x6  
  54  5:35  Zergling x6  
  52  5:40  Zergling x4  
  52  5:41  Zergling x2  
  55  5:43  Zergling x2  
  55  5:46  Zergling x2  
  55  5:47  Zergling x2  
  58  5:52  Zergling x6  
  59  6:04  Zergling x18  
  68  6:11  Zergling x6  
  68  6:14  Overlord  
  71  6:20  Zergling x2  
  71  6:23  Zergling x4  
  71  6:25  Zergling x2  
  70  6:29  Overlord  
  70  6:31  Overlord  
  70  6:34  Zergling x2  
  70  6:36  Zergling x4  
  61  6:49  Zergling x14  
  59  7:00  Overlord  
  56  7:06  Zergling x14  
  61  7:15  Roach Warren  
  61  7:16  Drone  
  61  7:21  Drone x3  
  64  7:23  Drone  
  64  7:24  Drone  
  64  7:27  Drone  
  67  7:32  Baneling Nest  
  66  7:37  Drone  
  66  7:38  Drone  
  68  7:44  Drone x2  
  68  7:45  Drone  
  68  7:46  Drone  
  68  7:48  Drone  
  70  8:02  Drone x7  
  75  8:13  Drone x4  
  75  8:15  Evolution Chamber  
  75  8:19  Evolution Chamber  
Tags
 
Add a new tag
Caveats
  • Supply blocks, unpowered buildings, or Contaminate may cause inaccurate times.
  • Supply counts are checked every 10 seconds.